 Dungeon Crawl Stone Soup version 0.21.0-3-g78d12a8 (webtiles) character file.

2520 MTVSty1e the Cleaver (level 9, 0/68 HPs)
             Began as a Minotaur Gladiator on Jan 15, 2018.
             Slain by a wyvern (9 damage)
             ... on level 8 of the Dungeon.
             The game lasted 00:08:32 (6640 turns).

MTVSty1e the Cleaver (Minotaur Gladiator)           Turns: 6640, Time: 00:08:33

Health: 0/68       AC:  9    Str: 21    XL:     9   Next: 29%
Magic:  8/8        EV:  6    Int:  5    God:
Gold:   437        SH:  3    Dex: 13    Spells: 8/8 levels left

rFire    + . .     SeeInvis .   a - +1 war axe
rCold    . . .     Gourm    .   e - +0 buckler
rNeg     . . .     Faith    .   u - +0 chain mail
rPois    .         Spirit   .   c - +0 hat
rElec    .         Reflect  .   (no cloak)
rCorr    .         Harm     .   (no gloves)
MR       .....                  l - +0 pair of boots
Stlth    ..........             h - amulet of rage
HPRegen  0.21/turn              A - ring of protection from fire
MPRegen  0.11/turn              (no ring)

@: very slightly contaminated, very heavily drained, invisible
A: retaliatory headbutt, horns 2
a: Evoke Berserk Rage


You were on level 8 of the Dungeon.
You were not hungry.

You visited 2 branches of the dungeon, and saw 9 of its levels.

You collected 437 gold pieces.

Inventory:

Hand Weapons
 a - a +1 war axe (weapon)
Missiles
 d - 3 throwing nets (quivered)
Armour
 c - a +0 hat (worn)
 e - a +0 buckler (worn)
 i - a +2 pair of gloves
 l - a +0 pair of boots (worn)
 u - a +0 chain mail (worn)
Jewellery
 h - an amulet of rage (around neck)
 q - an uncursed amulet of the gourmand
 A - a ring of protection from fire (left hand)
Wands
 b - a wand of digging (19)
 r - a wand of flame (76)
Scrolls
 j - 4 scrolls of teleportation
 k - 2 scrolls of fog
 p - 2 scrolls of remove curse
 w - a scroll of blinking
Potions
 g - a potion of cancellation
 m - 3 potions of curing
 o - 2 potions of lignification
 s - a potion of magic {unknown}
 t - 3 potions of brilliance
 v - a potion of flight {unknown}
 z - a potion of ambrosia {unknown}
 B - a potion of invisibility
Comestibles
 f - 4 rations


   Skills:
 + Level 2.4(0.0) Fighting
 * Level 14.6(10.6) Axes
 - Level 2.0(0.0) Throwing
 + Level 0.0 Armour
 + Level 3.2(0.2) Dodging
 + Level 0.0 Shields


You had 8 spell levels left.
You didn't know any spells.

Dungeon Overview and Level Annotations

Branches:
Dungeon (8/15)             Temple (1/1) D:6
   Lair: D:8-11

Altars:
Ashenzari
Cheibriados
Dithmenos
Elyvilon
Fedhas
Gozag
Hepliaklqana
Kikubaaqudgha
Makhleb
Nemelex Xobeh
Okawaru
Qazlal
Ru
Sif Muna
Trog
Uskayaw
Vehumet
Wu Jian
Xom
Yredelemnul
Zin
The Shining One


Innate Abilities, Weirdness & Mutations

You reflexively headbutt those who attack you in melee.
You have a pair of horns on your head.


Message History

The wyvern completely misses you.
Your shield prevents you from hitting the wyvern.
The wyvern is severely wounded.
The wyvern barely misses you. You furiously retaliate!
You headbutt the wyvern, but do no damage.
The wyvern bites you!
* * * LOW HITPOINT WARNING * * *
You closely miss the wyvern.
The wyvern is severely wounded.
The wyvern bites you!
* * * LOW HITPOINT WARNING * * *
It was a potion of invisibility.
You fade into invisibility!
The wyvern barely misses you. x2; You furiously retaliate!
You headbutt the wyvern.
You are very lightly contaminated with residual magic.
You hit the wyvern.
The wyvern is severely wounded.
The wyvern bites you!
You die...

....
#####..##
#......(..
##
#.#..#....
#.
#)<.......
### #.
#..#.#....
#...#.###.##
# .
#......##
#..l@..#
##(....#
#........#
#.##.....# #
#+#####


You could see a wyvern.

Vanquished Creatures
  A hungry ghost (D:7)
  Duvessa (D:7)
  A sky beast (D:7)
  2 ogres
  A phantom (D:5)
  3 centaurs
  2 bullfrogs (D:7)
  A gnoll sergeant (D:6)
  A wyvern zombie (D:6)
  4 scorpions
  Dowan (D:7)
  3 killer bees (D:7)
  2 howler monkeys
  2 centaur zombies (D:5)
  3 orc priests
  2 hounds
  2 jellies
  3 centaur skeletons
  A bullfrog skeleton (D:7)
  3 orc wizards
  Jessica (D:3)
  3 iguanas
  7 worker ants
  7 gnolls
  6 adders
  A shadow imp (D:7)
  An ooze (D:1)
  2 adder skeletons (D:4)
  5 worms
  A dart slug (D:1)
  2 leopard geckos
  14 orcs
  9 giant cockroaches
  12 goblins
  9 hobgoblins
  9 jackals
  4 quokkas
  A ball python skeleton (D:4)
  8 bats
  3 frilled lizards
  6 kobolds
  6 rats
156 creatures vanquished.

Notes
Turn   | Place    | Note
-------+----------+-------------------------------------------
     0 | D:1      | MTVSty1e the Minotaur Gladiator began the quest for the Orb.
     0 | D:1      | Reached XP level 1. HP: 18/18 MP: 0/0
   111 | D:1      | Reached skill level 4 in Axes
   113 | D:1      | Reached XP level 2. HP: 20/25 MP: 1/1
   431 | D:1      | Reached skill level 5 in Axes
   517 | D:2      | Reached XP level 3. HP: 30/30 MP: 2/2
  1131 | D:3      | Noticed Jessica
  1135 | D:3      | Killed Jessica
  1135 | D:3      | Reached skill level 6 in Axes
  1135 | D:3      | Reached XP level 4. HP: 37/37 MP: 3/3
  1191 | D:3      | Noticed a centaur
  1198 | D:3      | Killed a centaur
  1198 | D:3      | Reached skill level 7 in Axes
  1198 | D:3      | Reached XP level 5. HP: 8/42 MP: 4/4
  1493 | D:3      | Reached skill level 8 in Axes
  1518 | D:3      | Reached XP level 6. HP: 34/50 MP: 5/5
  2109 | D:4      | Reached skill level 9 in Axes
  2144 | D:4      | Reached XP level 7. HP: 51/56 MP: 6/6
  2468 | D:4      | Reached skill level 10 in Axes
  2754 | D:5      | Entered Level 5 of the Dungeon
  2958 | D:5      | Reached skill level 11 in Axes
  3008 | D:5      | Found a shattered altar of Ashenzari.
  3301 | D:5      | Reached XP level 8. HP: 56/62 MP: 7/7
  3754 | D:5      | Reached skill level 12 in Axes
  4734 | D:6      | Found a staircase to the Ecumenical Temple.
  4820 | Temple   | Entered the Ecumenical Temple
  5110 | D:6      | Reached skill level 13 in Axes
  5515 | D:7      | Noticed Dowan
  5515 | D:7      | Noticed Duvessa
  5523 | D:7      | Killed Dowan
  5543 | D:7      | Killed Duvessa
  5543 | D:7      | Reached XP level 9. HP: 30/68 MP: 8/8
  5743 | D:7      | Reached skill level 14 in Axes
  6640 | D:8      | Slain by a wyvern

Skill      XL: |  1  2  3  4  5  6  7  8  9 |
---------------+----------------------------+-----
Axes           | 4 5 6 7 8 9 11 13 14 | 14.6
Fighting       | |  2.4
Throwing       | |  2.0
Dodging        | |  3.2

Action                   |  1- 3 |  4- 6 |  7- 9 || total
-------------------------+-------+-------+-------++-------
Melee: War axe           |    66 |   127 |   235 ||   428
       Headbutt          |    17 |    25 |    55 ||    97
  Use: Scroll            |     3 |       |    15 ||    18
       Potion            |       |     1 |    11 ||    12
  Eat: Ration            |     1 |     1 |     5 ||     7
       Chunk             |       |       |     4 ||     4
Armor: Leather armour    |     5 |       |       ||     5
       Scale mail        |    17 |    60 |     2 ||    79
       Chain mail        |       |       |   135 ||   135
Dodge: Dodged            |    43 |    74 |    84 ||   201
Block: Buckler           |       |       |    36 ||    36
